 Dungeon Sprint DCSS version 0.30-a0-949-g53dc5368d7 (webtiles) character file.

Game seed: 17213496955919283593

35 testman the Poker (level 3, -1/29 (31) HPs)
             Began as a Demonspawn Gladiator on Mar 27, 2023.
             Was an Initiate of Qazlal.
             Killed from afar by a revenant (14 damage)
             ... with a ghostly fireball
             ... in the Dungeon (Sprint V: "Ziggurat Sprint").
             The game lasted 00:04:23 (106 turns).

testman the Poker (Demonspawn Gladiator)             Turns: 106, Time: 00:04:24

HP:   -1/29 (31)    AC: 18    Str: 16    XL:     3   Next: 17%
MP:   3/4           EV:  3    Int:  9    God:    Qazlal [......]
Gold: 0             SH: 27    Dex: 14    Spells: 2/2 levels left

rFire   + + +      SeeInvis .    F - +8 lance "Wyrmbane" {slay drac, rPois rF+ rC+ AC+3}
rCold   . . .      Faith    .    G - +18 shield of the Gong {Loud rN+ Will+ rCorr EV-5}
rNeg    + . .      Spirit   .    H - +5 fire dragon scales
rPois   +          Reflect  .    c - +0 helmet
rElec   .          Rampage  .    (no cloak)
rCorr   +          NoTele   +    (no gloves)
Will    +....                    (no boots) Stlth
                                 (no amulet)
HPRegen 0.24/turn                (no ring)
MPRegen 0.09/turn                (no ring)

@: drained
A: hooves 1
a: Renounce Religion


You were in the Dungeon.
You worshipped Qazlal.
Qazlal was noncommittal.
You visited 1 branch

Inventory:

Hand Weapons
 a - a +0 trident
 F - the +8 lance "Wyrmbane" (weapon) {slay drac, rPois rF+ rC+ AC+3}
   (You found it in the Dungeon)

   AC:        It affects your AC (+3).
   rF:        It protects you from fire.
   rC:        It protects you from cold.
   rPois:     It protects you from poison.
Missiles
 d - 3 throwing nets (quivered)
 e - a javelin
Armour
 b - the +15 Maxwell's patent armour {-Cast -Tele rElec Will+ rCorr}
   (You found it in the Dungeon)

   rElec:     It insulates you from electricity.
   -Cast:     It prevents spellcasting.
   -Tele:     It prevents most forms of teleportation.
   rCorr:     It protects you from acid and corrosion.
   Will:      It increases your willpower.
 c - a +0 helmet (worn)
 G - the +18 shield of the Gong (worn) {Loud rN+ Will+ rCorr EV-5}
   (You found it in the Dungeon)

   Loud:      It is deafeningly noisy when blocking attacks.
   EV:        It affects your evasion (-5).
   rN:        It protects you from negative energy.
   rCorr:     It protects you from acid and corrosion.
   Will:      It increases your willpower.
 H - +5 fire dragon scales (worn)
Jewellery
 x - a ring of flight
 y - a +6 ring of dexterity
 z - a +6 ring of dexterity
 A - a +6 ring of intelligence
 B - a +6 ring of intelligence
 C - a +6 ring of strength
 D - a +6 ring of strength
Wands
 u - a wand of mindburst (7)
 v - a wand of iceblast (7)
 w - a wand of quicksilver (7)
Scrolls
 k - 4 scrolls of blinking
 q - 4 scrolls of amnesia
 r - 7 scrolls of fog
 s - 5 scrolls of identify
 t - 2 scrolls of fear
Potions
 f - 10 potions of curing
 g - 10 potions of heal wounds
 h - 6 potions of haste
 i - 7 potions of magic
 j - 3 potions of berserk rage
 l - 2 potions of brilliance
 m - 2 potions of invisibility
 n - 4 potions of resistance
 p - 5 potions of might
Miscellaneous
 E - a lightning rod (4/4)


   Skills:
 + Level 4.4 Fighting
 + Level 4.6 Polearms
 - Level 1.7 Throwing
 + Level 3.4 Armour
 - Level 2.6 Dodging
 + Level 3.4 Shields
 + Level 2.0 Invocations


You had 2 spell levels left.
You didn't know any spells.
Your spell library was empty.

Dungeon Overview and Level Annotations

Branches:
Dungeon (1/1)

Altars:
Ashenzari
Cheibriados
Dithmenos
Fedhas
Gozag
Hepliaklqana
Kikubaaqudgha
Makhleb
Nemelex Xobeh
Okawaru
Qazlal
Ru
Sif Muna
Trog
Uskayaw
Vehumet
Wu Jian
Xom
Yredelemnul
Jiyva
Lugonu

Annotations:
D 1 transporter


Innate Abilities, Weirdness & Mutations

You have large cloven feet.


Message History

You block the spectral adder's attack.
PANG!
The revenant conjures spectral mists around you.
The spectral mist engulfs you but does no damage.
You hit the revenant.
The revenant is heavily damaged.
You block the spectral adder's attack.
SHROANNG!
The revenant hits you!
You hit the revenant.
You kick the revenant, but do no damage.
The revenant is severely damaged.
You block the spectral adder's attack.
GONNNNG!
You block the revenant's attack.
BONNNG!
The spectral adder completely misses you.
You hit the revenant but do no damage. Your kick misses the revenant.
The revenant is severely damaged.
The spectral adder bites you but does no damage.
The revenant hits you!
You hit the revenant. Your kick misses the revenant.
The revenant is severely damaged.
You block the spectral adder's attack.
BOUMMMMG!
The revenant hits you but does no damage.
You hit the revenant but do no damage. You kick the revenant.
The revenant is severely damaged.
The spectral adder fades away!
The revenant hits you but does no damage.
You hit the revenant but do no damage. Your kick misses the revenant.
The revenant is severely damaged.
You block the revenant's attack.
PANG!
You hit the revenant.
The revenant is severely damaged.
The revenant lashes out with ghostly flames.
The ghostly flame explodes!
The ghostly fireball engulfs you! You partially resist.
You feel drained.
You die...

▓▓▓▓▓▓▓
▓.8©8.▓
▓.....▓
▓.).).▓
▓.....▓
▓..z..▓
▓..@..▓
▓▓▓▓▓▓▓


You could see a revenant.

Vanquished Creatures
  An iron imp (D)
1 creature vanquished.

Notes
Turn   | Place    | Note
-------+----------+-------------------------------------------
     0 | D        | testman the Demonspawn Gladiator began the quest for the
                  | Orb.
     0 | D        | Reached XP level 1. HP: 16/16 MP: 1/1
     0 | D        | Found a shimmering blue altar of Sif Muna.
     0 | D        | Found a sacrificial altar of Ru.
     0 | D        | Found a bloodstained altar of Trog.
     0 | D        | Found a stormy altar of Qazlal.
     0 | D        | Found an iron altar of Okawaru.
     0 | D        | Found a sparkling altar of Nemelex Xobeh.
     0 | D        | Found a blossoming altar of Fedhas.
     0 | D        | Found the +6 Majin-Bo {spellvamp, MP+6 Int+6}
     0 | D        | Found the +27 heavy crossbow "Sniper" {heavy, Acc+∞ SInv}
     0 | D        | Found the +10 dark maul {heavy}
     0 | D        | Found the +15 Maxwell's patent armour {-Cast -Tele rElec
                  | Will+ rCorr}
     0 | D        | Found the +18 shield of the Gong {Loud rN+ Will+ rCorr
                  | EV-5}
     0 | D        | Found the +16 obsidian axe {drain, demonic, Mesm Drain Fly
                  | SInv}
     0 | D        | Found the +7 great mace "Firestarter" {flame, inner flame,
                  | rFlCloud rF++}
     0 | D        | Found the +6 shillelagh "Devastator" {shatter}
     0 | D        | Found the +11 plutonium sword {Contam Stlth-}
     0 | D        | Found the +8 lance "Wyrmbane" {slay drac, rPois rF+ rC+
                  | AC+3}
     0 | D        | Found the +9 sword of Zonguldrok {reap}
     0 | D        | Found the +13 scythe of Curses {drain, curses, Drain}
     0 | D        | Found the +9 sword of Power {lifebolt}
     0 | D        | Found the +7 mace of Variability {chaos, chain chaos}
     0 | D        | Found the +11 Singing Sword {sonic wave}
     0 | D        | Found the +8 storm bow {elec, penet}
     2 | D        | Found a transporter.
     2 | D        | Found an ancient bone altar of Kikubaaqudgha.
     2 | D        | Found a viscous altar of Jiyva.
     2 | D        | Found a corrupted altar of Lugonu.
     2 | D        | Found a hazy altar of Hepliaklqana.
     2 | D        | Found a burning altar of Makhleb.
     2 | D        | Found an opulent altar of Gozag.
    28 | D        | Became a worshipper of Qazlal Stormbringer
    52 | D        | Gained mutation: You have large cloven feet. [demonic
                  | ancestry]
    52 | D        | Reached XP level 2. HP: 25/25 MP: 2/2
    83 | D        | Entered arena 2.
    83 | D        | Noticed a revenant
    83 | D        | Found a transporter.
    90 | D        | Reached XP level 3. HP: 31/31 MP: 2/4
   106 | D        | Killed from afar by a revenant

Illustrated notes

Levels and vault maps discovered:
D:        sprint_v [room_start, room_1, room_2, room_3, room_4, room_5, room_6,
          room_7, room_8, room_9, room_10, room_11, room_12, room_13, room_14,
          room_15, room_16, room_17, room_18, room_19, room_20, room_21,
          room_22, room_23, room_24, room_25, room_26, room_27]

Skill      XL: |  1  2 |
---------------+-------+-----
Fighting       | 4 |  4.4
Polearms       | 4 |  4.6
Armour         | 3 |  3.4
Shields        | 3 |  3.4
Invocations    | 2 |  2.0
Throwing       | |  1.7
Dodging        | |  2.6

Action                     || total
---------------------------++-------
  Melee: Lance             ||    23
         Kick              ||     6
    Use: Potion            ||     1
 Armour: Fire dragon scale ||     6
  Dodge: Dodged            ||     1
  Block: Kite shield       ||    19

Table legend: (Time is in decaauts)
 A = Elapsed time spent in this place.
 B = Non-inter-level travel time spent in this place.
 C = Inter-level travel time spent in this place.
 D = Time resting spent in this place.
 E = Time spent auto-exploring this place.
 F = Levels seen in this place.
 G = Mean time per level.
                   A        B        C        D        E       F      G
               +--------+--------+--------+--------+--------+-----+--------+
         Total |    106 |     69 |     37 |      0 |      0 |   1 |  106.0 |
       Dungeon |    106 |     69 |     37 |      0 |      0 |   1 |  106.0 |
               +--------+--------+--------+--------+--------+-----+--------+

Top non-repeatable levels by time:
       D: 106 daAuts
